 Dungeon Crawl Stone Soup version 0.31.0-11-ge490571c62 (webtiles) character file.

Game seed: 1598837870878959786

62 qw the Shooter (level 3, -2/20 HPs)
             Began as a Deep Elf Hunter on Feb 5, 2024.
             Slain by a hobgoblin (3 damage)
             ... on level 2 of the Dungeon.
             The game lasted 00:00:05 (840 turns).

qw the Shooter (Deep Elf Hunter)                     Turns: 840, Time: 00:00:06

Health: -2/20      AC:  8    Str: 10    XL:     3   Next: 85%
Magic:  5/5        EV: 11    Int: 16    God:
Gold:   121        SH:  0    Dex: 18    Spells: 2/2 levels left

rFire   . . .        a - +0 shortbow
rCold   . . .        (shield currently unavailable)
rNeg    + + .        k - +1 ring mail of Teezom {rN+ rCorr Int+3}
rPois   .            (no helmet)
rElec   .            (no cloak)
rCorr   +            j - +1 pair of gloves
SInv    .            (no boots)
Will    .....        (no amulet)
Stlth   +            n - ring of positive energy
HPRegen 0.23/turn    (no ring)
MPRegen 0.09/turn

%: no passive effects
@: no status effects
A: no striking features
a: no special abilities


You were on level 2 of the Dungeon.
You visited 1 branch of the dungeon, and saw 2 of its levels.

You collected 121 gold pieces.


   Skills:
 - Level 1.5 Fighting
 + Level 7.3 Ranged Weapons
 - Level 2.4 Dodging
 - Level 1.2 Stealth


You had 2 spell levels left.
You didn't know any spells.
Your spell library was empty.

Inventory:

Hand Weapons
 a - a +0 shortbow (weapon)
Armour
 j - a +1 pair of gloves (worn)
 k - the +1 ring mail of Teezom (worn) {rN+ rCorr Int+3}
   (You found it on level 2 of the Dungeon)

   Int+3:     It affects your intelligence (+3).
   rN+:       It protects you from negative energy.
   rCorr:     It protects you from acid and corrosion.
Jewellery
 n - a ring of positive energy (left hand)
Scrolls
 b - a scroll of amnesia {unknown}
Potions
 h - a potion of curing
 i - a potion of brilliance {unknown}
 m - a potion of degeneration {unknown}

Dungeon Overview and Level Annotations

Branches:
Dungeon (2/15)

Altars:


Message History

The endoplasm quivers.
You shoot an arrow. The arrow barely misses the hobgoblin.
A dart slug comes into view.
You shoot an arrow.
The arrow hits the hobgoblin but does no damage.
You shoot an arrow. The arrow barely misses the hobgoblin.
The hobgoblin hits you but does no damage.
You shoot an arrow. The arrow closely misses the hobgoblin.
The hobgoblin hits you. The endoplasm hits you. The hobgoblin hits you.
You shoot an arrow.
The arrow hits the endoplasm but does no damage.
The endoplasm freezes you.
You are frozen.
The hobgoblin hits you but does no damage.
You shoot an arrow. The arrow hits the endoplasm.
The endoplasm is heavily wounded.
The endoplasm freezes you.
You are frozen.
The hobgoblin barely misses you.
You shoot an arrow. The arrow hits the endoplasm.
You kill the endoplasm!
The hobgoblin barely misses you.
You shoot an arrow. The arrow hits the dart slug.
The dart slug is heavily wounded.
The hobgoblin barely misses you. The dart slug launches a dart at you.
The slug dart hits you.
You shoot an arrow. The arrow barely misses the dart slug.
The kobold hits you with a +0 dagger.
The hobgoblin hits you but does no damage.
The dart slug closely misses you. The kobold misses you.
The hobgoblin closely misses you.
You shoot an arrow.
The arrow completely misses the dart slug.
The hobgoblin hits you. The kobold hits you with a +0 dagger.
The dart slug launches a dart at you. The slug dart misses you.
You shoot an arrow. The arrow hits the dart slug.
The dart slug is severely wounded.
The hobgoblin hits you.
You die...

#..#.^..# #.######
#.. #.......#####.#
#.# #.#...........#
##. #.#.....#######
## #......##
####.### #.#### #
#....# ## ####@# #.
#Kgw...... #.
#.......... #.
#.........# ##
#.........## ####
#..........# ###<..
#..........#.......
#............###.##
#.....[...##.# #.##


You could see a dart slug, a hobgoblin and a kobold.

Vanquished Creatures
  A gnoll (D:1)
  2 adders (D:2)
  A ribbon worm (D:2)
  6 ball pythons (D:1)
  4 bats (D:1)
  3 endoplasms
  A giant cockroach (D:1)
  5 goblins
  A hobgoblin (D:1)
  3 frilled lizards (D:1)
  3 kobolds
  4 rats
34 creatures vanquished.

Notes
Turn   | Place    | Note
-------+----------+-------------------------------------------
     0 | D:1      | qw the Deep Elf Hunter began the quest for the Orb.
     0 | D:1      | Reached XP level 1. HP: 12/12 MP: 3/3
     0 | D:1      | 0 ||| qw: Version: 0.3-a-160-g6735b56
     0 | D:1      | 0 ||| qw: Game counter: 6155
     0 | D:1      | 0 ||| qw: Melee chars always use a shield: true
     0 | D:1      | 0 ||| qw: God list: Okawaru
     0 | D:1      | 0 ||| qw: Allow faded altars: false
     0 | D:1      | 0 ||| qw: Do Orc after clearing Dungeon:15 true
     0 | D:1      | 0 ||| qw: Do second Lair branch before Depths: true
     0 | D:1      | 0 ||| qw: Lair rune preference: random
     0 | D:1      | 0 ||| qw: Goals: Normal
     0 | D:1      | 0 ||| PLANNING D:1-11
    25 | D:1      | Reached skill level 6 in Ranged Weapons
    25 | D:1      | Reached XP level 2. HP: 7/16 MP: 4/4
   262 | D:1      | Reached XP level 3. HP: 20/20 MP: 5/5
   307 | D:1      | Found a faded altar of an unknown god.
   342 | D:1      | You fall into a shaft and drop 1 floor!
   345 | D:2      | Identified the +1 ring mail of Teezom {rN+ rCorr Int+3}
   474 | D:2      | Reached skill level 7 in Ranged Weapons
   599 | D:2      | 599 ||| UPGRADING to +0 ring mail.
   609 | D:2      | 609 ||| DROPPING +0 leather armour.
   610 | D:2      | 610 ||| UPGRADING to +0 pair of gloves.
   615 | D:2      | 615 ||| UPGRADING to +1 ring mail of Teezom {rN+ rCorr
                  | Int+3}.
   625 | D:2      | 625 ||| DROPPING +0 ring mail.
   626 | D:2      | 626 ||| UPGRADING to ring of positive energy.
   627 | D:2      | 627 ||| READING scroll labelled ZIPUEBANYE.
   628 | D:2      | 628 ||| READING scroll labelled XERHIZITHRU.
   628 | D:2      | 628 ||| ENCHANTING +0 pair of gloves.
   629 | D:2      | 629 ||| READING scroll labelled DUPLEWAHAN.
   629 | D:2      | 629 ||| IDENTIFYING fizzy cyan potion
   630 | D:2      | 630 ||| DRINKING 2 brown potions.
   631 | D:2      | 631 ||| DROPPING scroll of butterflies.
   632 | D:2      | 632 ||| DROPPING potion of lignification.
   839 | D:2      | HP: 4/20 [hobgoblin (2)]
   839 | D:2      | HP: 1/20 [kobold/+0 dagger (3)]
   840 | D:2      | Slain by a hobgoblin

Levels and vault maps discovered:
D:1:      tekkud_arrival_beachfront_property, layout_rooms,
          shapermc_ecumenical_altar_totnotflames
D:2:      layout_loops_cross, uniq_natasha

Skill      XL: |  1  2  3 |
---------------+----------+-----
Ranged Weapons | 6 7 |  7.3
Fighting       | |  1.5
Dodging        | |  2.4
Stealth        | |  1.2

Action                     || total
---------------------------++-------
   Fire: Shortbow          ||   101
    Use: Scroll            ||     3
         Potion            ||     1
 Armour: Leather armour    ||    10
         Ring mail         ||    11
  Dodge: Dodged            ||    30

Table legend:
 A = Non-vault XP
 B = Vault XP
 C = Vault XP percentage of total XP
 D = Non-vault monster count
 E = Vault monster count
 F = Vault count percentage of total count
                 A         B        C        D         E       F
            +---------+---------+-------+---------+---------+-------
      Total |      89 |       0 |   0.0 |      34 |       0 |   0.0
            +---------+---------+-------+---------+---------+-------
        D:1 |      51 |       0 |   0.0 |      26 |       0 |   0.0
        D:2 |      38 |       0 |   0.0 |       8 |       0 |   0.0
            +---------+---------+-------+---------+---------+-------
